 Dungeon Crawl Stone Soup version 0.31-b1-22-gc680215f68 (webtiles) character file.

Game seed: 7455843778553640915

36 PaiMei the Grave Robber (level 3, -3/25 HPs)
             Began as a Demonspawn Necromancer on Jan 18, 2024.
             Slain by Terence
             ... wielding a +0 mace
              (6 damage)
             ... on level 2 of the Dungeon.
             The game lasted 00:02:14 (1313 turns).

PaiMei the Grave Robber (Demonspawn Necromancer)    Turns: 1313, Time: 00:02:14

Health: -3/25      AC:  3    Str:  8    XL:     3   Next: 19%
Magic:  0/6        EV: 12    Int: 17    God:
Gold:   59         SH:  0    Dex: 13    Spells: 5/6 levels left

rFire   . . .        g - +0 club
rCold   . . .        (no shield)
rNeg    . . .        a - +0 robe
rPois   .            (no helmet)
rElec   .            (no cloak)
rCorr   .            (no gloves)
SInv    .            h - +0 pair of boots
Will    .....        (no amulet)
Stlth   ++           (no ring)
HPRegen 0.24/turn    (no ring)
MPRegen 0.10/turn

%: no passive effects
@: no status effects
A: demonic magic 1
a: no special abilities


You were on level 2 of the Dungeon.
You visited 1 branch of the dungeon, and saw 2 of its levels.

You collected 59 gold pieces.

Inventory:

Hand Weapons
 g - a +0 club (weapon)
Armour
 a - a +0 robe (worn)
 h - a +0 pair of boots (worn)
Jewellery
 f - an amulet of faith
Scrolls
 c - a scroll of immolation {unknown}
 i - a scroll of identify {unknown}
Potions
 b - a potion of magic
 d - a potion of curing {unknown}
 e - a potion of ambrosia {unknown}


   Skills:
 + Level 0.8 Fighting
 + Level 2.3 Dodging
 - Level 2.0 Stealth
 + Level 2.3 Spellcasting
 + Level 4.7 Necromancy


You had 5 spell levels left.
You knew the following spells:

 Your Spells              Type           Power      Damage    Failure   Level
a - Necrotise             Necr           72%        1d7       2%          1

Your spell library contained the following spells:

 Spells                   Type           Power      Damage    Failure   Level
 Vampiric Draining        Necr           18%        2d7       9%          3
 Animate Dead             Necr           18%        N/A       26%         4
 Curse of Agony           Necr           18%        N/A       58%         5


Dungeon Overview and Level Annotations

Branches:
Dungeon (2/15)

Altars:

Annotations:
D:2 Terence


Innate Abilities, Weirdness & Mutations

Spells you cast may paralyse adjacent enemies.


Message History

Terence is severely wounded.
Terence barely misses you.
Casting: Necrotise (safe; 2% risk of failure)
Confirm with . or Enter, or press ? or * to list all spells.
You don't have enough magic to cast this spell.
You barely miss Terence.
Terence is severely wounded.
Terence hits you with a +0 mace. Terence screams, "I want your blood!"
Terence hits you with a +0 mace.
Casting: Necrotise (safe; 2% risk of failure)
Confirm with . or Enter, or press ? or * to list all spells.
You don't have enough magic to cast this spell.
You hit Terence but do no damage.
Terence is severely wounded.
Terence hits you with a +0 mace.
Casting: Necrotise (safe; 2% risk of failure)
Confirm with . or Enter, or press ? or * to list all spells.
You don't have enough magic to cast this spell.
You hit Terence but do no damage.
Terence is severely wounded.
Terence closely misses you.
Casting: Necrotise (safe; 2% risk of failure)
Confirm with . or Enter, or press ? or * to list all spells.
You don't have enough magic to cast this spell.
You barely miss Terence.
Terence is severely wounded.
Terence hits you with a +0 mace.
* * * LOW HITPOINT WARNING * * *
Your magical contamination has completely faded away.
Casting: Necrotise (safe; 2% risk of failure)
Confirm with . or Enter, or press ? or * to list all spells.
You don't have enough magic to cast this spell.
You completely miss Terence.
Terence is severely wounded.
Terence hits you with a +0 mace.
* * * LOW HITPOINT WARNING * * *
Terence hits you with a +0 mace.
You die...
Terence says, "That felt goooood."

# ##+####### ..
(........# #. #.........
#. #........#####+## ..
#... ...........
##.#.##.######........!
#.....@@....##<........
##.#.##.#......Z.......
......###.##.........
#.#.#......##.........
............##.........
#.#.#.#......##.###.....
# ...>.......##.# .....
#.#.#......##.# .....
.............. .....


You could see Terence.

Vanquished Creatures
  4 ball pythons (D:1)
  2 endoplasms (D:1)
  6 goblins (D:1)
  4 hobgoblins
  5 jackals (D:1)
  2 quokkas (D:1)
  A bat (D:2)
  A frilled lizard (D:1)
  2 rats
27 creatures vanquished.

Vanquished Creatures (collateral kills)
  A jackal (D:1)
  2 goblins (D:1)
3 creatures vanquished.

Grand Total: 30 creatures vanquished

Notes
Turn   | Place    | Note
-------+----------+-------------------------------------------
     0 | D:1      | PaiMei the Demonspawn Necromancer began the quest for the
                  | Orb.
     0 | D:1      | Reached XP level 1. HP: 13/13 MP: 3/3
   208 | D:1      | Gained mutation: Spells you cast may paralyse adjacent
                  | enemies. [demonic ancestry]
   208 | D:1      | Reached XP level 2. HP: 19/19 MP: 3/5
   665 | D:1      | Reached XP level 3. HP: 25/25 MP: 3/6
  1121 | D:2      | Noticed Terence
  1313 | D:2      | Slain by Terence

Illustrated notes

Levels and vault maps discovered:
D:1:      dpeg_arrival_snail, layout_basic, minmay_surrounded
D:2:      layout_basic, chequers_serial_rivers_micro_d, st_stairs_13,
          grunt_ministairs_11, hex_medium, kennysheep_minor_cross, uniq_terence,
          uniq_crazy_yiuf_cottage

Skill      XL: |  1 |
---------------+----+-----
Stealth        | 2 |  2.0
Dodging        | 2 |  2.3
Fighting       | |  0.8
Spellcasting   | |  2.3
Necromancy     | |  4.7

Action                     || total
---------------------------++-------
  Melee: Club              ||    11
         Unarmed           ||     1
   Cast: Necrotise         ||    49
   Stab: Paralysed         ||     2
 Armour: Robe              ||    18
  Dodge: Dodged            ||    20
